 Dungeon Crawl Stone Soup version 0.19.5 (webtiles) character file.

117 tricornhat the Slasher (level 4, -3/34 HPs)
             Began as a Demonspawn Gladiator on Mar 9, 2017.
             Killed by divine providence
             ... invoked by an orc priest
              (13 damage)
             ... on level 4 of the Dungeon.
             The game lasted 00:22:50 (2352 turns).

tricornhat the Slasher (Demonspawn Gladiator)       Turns: 2352, Time: 00:22:50

Health: -3/34      AC:  8    Str: 16    XL:     4   Next: 71%
Magic:  4/4        EV:  8    Int:  9    God:
Gold:   175        SH:  8    Dex: 14    Spells: 0 memorised, 3 levels left

rFire  + . .     SeeInvis .     a - +0 long sword
rCold  . . .     Gourm    .     y - +0 scale mail {rF+}
rNeg   . . .     Faith    .     g - +0 shield
rPois  .         Spirit   .     c - +0 helmet
rElec  .         Reflect  .     s - +0 cloak
rCorr  .         Harm     .     (no gloves)
MR     .....                    (no boots)
Stlth  ..........               (no amulet)
                                (no ring)
                                (no ring)

@: no status effects
A: powered by death 2
a: no special abilities


You were on level 4 of the Dungeon.
You were hungry.

You visited 1 branch of the dungeon, and saw 4 of its levels.

You collected 175 gold pieces.

Inventory:

Hand Weapons
 a - a +0 long sword (weapon)
Missiles
 d - 3 throwing nets (quivered)
Armour
 b - a +0 leather armour
 c - a +0 helmet (worn)
 g - a +0 shield (worn)
 j - a +0 plate armour
 s - a +0 cloak (worn)
 y - a +0 scale mail of fire resistance (worn)
Scrolls
 e - a scroll of remove curse
 i - 2 scrolls of identify
 o - a scroll of teleportation
 r - a scroll of enchant weapon {unknown}
 v - 2 scrolls of immolation {unknown}
 w - 2 scrolls of enchant armour {unknown}
 B - 2 scrolls of magic mapping {unknown}
Potions
 k - a potion of might
 l - a potion of brilliance {unknown}
 m - 2 potions of heal wounds
 n - 2 potions of curing {unknown}
 q - a potion of agility {unknown}
 t - a potion of cancellation {unknown}
 x - a potion of degeneration {unknown}
 z - a potion of mutation {unknown}
 C - 2 potions of lignification {unknown}
Comestibles
 f - a bread ration
 h - 2 meat rations
 p - 2 slices of pizza
 u - a beef jerky
 A - a royal jelly


   Skills:
 + Level 2.3 Fighting
 + Level 4.0 Long Blades
 + Level 1.9 Throwing
 + Level 1.1 Armour
 + Level 3.1 Dodging
 + Level 1.0 Shields


You had 3 spell levels left.
You didn't know any spells.

Dungeon Overview and Level Annotations

Branches:
Dungeon (4/15)
 Temple: D:4-7

Altars:
Uskayaw


Innate Abilities, Weirdness & Mutations

You regenerate health from kills.


Message History

Beogh smites you! The orc wizard casts a spell at you. The magic dart hits you!
You hit the orc wizard.
The orc wizard is moderately wounded.
The orc wizard mumbles some strange words.
The orc wizard flickers and vanishes!
Deactivating autopickup; reactivate with Ctrl-A.
You closely miss something.
The orc priest calls down the wrath of Beogh upon you.
Beogh smites you!
You hear some strange, mumbled words.
A puff of flame appears from out of thin air!
The puff of flame hits you! You resist. Something hits you but does no damage.
You closely miss something. Something hits you.
* * * LOW HITPOINT WARNING * * *
Unknown command.
The orc priest mumbles some strange prayers to Beogh against you.
Beogh smites you!
You die...

...#.##.#.
........#. ### #
#..#. ..# #..#.
#o# ######..#. #o#
#....#..#. #{#
###.##....#.
#.#####.........#.
#@......#.....###.
#############.# #.
#.# #. ##.###.
#...... #######


You could see an orc priest and an orc.

Vanquished Creatures
  A worker ant (D:4)
  2 adders (D:2)
  An ooze (D:3)
  2 dart slugs
  2 worms
  3 leopard geckos
  3 giant cockroaches
  5 hobgoblins
  11 jackals
  5 kobolds
  A quokka (D:4)
  A ball python (D:3)
  5 bats (D:1)
  3 frilled lizards
  7 goblins
  5 rats
57 creatures vanquished.

Notes
Turn   | Place    | Note
-------+----------+-------------------------------------------
     0 | D:1      | tricornhat the Demonspawn Gladiator began the quest for the Orb.
     0 | D:1      | Reached XP level 1. HP: 16/16 MP: 1/1
   165 | D:1      | Gained mutation: You regenerate a little health from kills. [demonic ancestry]
   165 | D:1      | Reached XP level 2. HP: 21/22 MP: 2/2
   182 | D:1      | Reached skill level 3 in Long Blades
   422 | D:1      | Gained mutation: You regenerate health from kills. [demonic ancestry]
   422 | D:1      | Reached XP level 3. HP: 27/27 MP: 3/3
  1003 | D:2      | Reached XP level 4. HP: 33/33 MP: 4/4
  1521 | D:3      | Reached skill level 1 in Armour
  1707 | D:3      | Found a hide-covered altar of Uskayaw.
  2068 | D:4      | Reached skill level 1 in Shields
  2073 | D:4      | Reached skill level 4 in Long Blades
  2352 | D:4      | Killed from afar by an orc priest

Skill      XL: |  1  2  3  4 |
---------------+-------------+-----
Long Blades    | 3 4 |  4.0
Dodging        | 3 |  3.1
Armour         | 1 |  1.1
Shields        | 1 |  1.0
Fighting       | |  2.3
Throwing       | |  1.9

Action                   |  1- 3 |  4- 6 || total
-------------------------+-------+-------++-------
Melee: Long sword        |   161 |    73 ||   234
  Use: Scroll            |       |     5 ||     5
       Potion            |       |     1 ||     1
  Eat: Bread ration      |       |     1 ||     1
Armor: Leather armour    |    16 |       ||    16
       Plate armour      |   106 |    36 ||   142
       Scale mail        |       |     6 ||     6
Dodge: Dodged            |    41 |    16 ||    57
Block: Shield            |    79 |    29 ||   108
       Rpst.: Long sword |     8 |     7 ||    15
